 Dungeon Crawl Stone Soup version 0.17-a0-1554-g3b847ca (webtiles) character file.

43 Lathuz the Sneak (level 3, 0/16 HPs)
             Began as a Spriggan Enchanter on July 19, 2015.
             Slain by a hobgoblin (4 damage)
             ... on level 3 of the Dungeon.
             The game lasted 00:05:38 (1698 turns).

Lathuz the Sneak (Spriggan Enchanter)               Turns: 1698, Time: 00:05:38

Health: 0/16       AC:  3    Str:  4    XL:     3   Next: 37%
Magic:  7/8        EV: 18    Int: 17    God:
Gold:   104        SH:  0    Dex: 16    Spells: 2 memorised, 4 levels left

rFire  + . .     SeeInvis +     e - +0 short sword
rCold  . . .     Clarity  .     b - +1 robe
rNeg   . . .     SustAt   .     (shield restricted)
rPois  .         Gourm    .     (helmet restricted)
rElec  .         Spirit   .     (no cloak)
rCorr  .         Warding  .     (gloves unavailable)
rMut   .         Stasis   .     (boots unavailable)
MR     +....                    (no amulet)
Stlth  ++++......               l - ring of protection from fire
                                f - ring of protection from magic

@: very quick, somewhat resistant to hostile enchantments, stealthy
A: unfitting armour, see invisible, herbivore 3, speed 3, slow metabolism 2
a: no special abilities


You were on level 3 of the Dungeon.
You were not hungry.

You visited 1 branch of the dungeon, and saw 3 of its levels.

You collected 104 gold pieces.

Inventory:

Hand weapons
 a - a +1 dagger
 e - a +0 short sword (weapon)
Armour
 b - a +1 robe (worn)
Jewellery
 f - a ring of protection from magic (left hand)
 l - a ring of protection from fire (right hand)
Scrolls
 g - a scroll of enchant weapon {unknown}
 j - a scroll of remove curse {unknown}
 k - a scroll of immolation {unknown}
 n - a scroll of noise {unknown}
Potions
 h - a potion of heal wounds
 i - 2 potions of resistance {unknown}
 m - 3 potions of curing {unknown}
Books
 c - a book of Maledictions

   Spells                             Type                      Level
   a - Corona                         Hexes                        1
   b - Ensorcelled Hibernation        Hexes/Ice                    2
   c - Confuse                        Hexes                        3
   d - Tukima's Dance                 Hexes                        3
   e - Dazzling Spray                 Conjuration/Hexes            3
Comestibles
 d - a bread ration


   Skills:
 + Level 2.4 Short Blades
 - Level 3.0 Dodging
 + Level 6.0 Stealth
 - Level 2.6 Spellcasting
 - Level 3.6 Hexes


You had 4 spell levels left.
You knew the following spells:

 Your Spells              Type           Power        Failure   Level  Hunger
a - Corona                Hex            ##.....      4%          1    #......
b - Ensorcelled Hibernat  Hex/Ice        #.....       17%         2    ##.....


Dungeon Overview and Level Annotations

Branches:
Dungeon (3/15)

Altars:
Nemelex Xobeh
Yredelemnul
The Shining One

Annotations:
D:3 Purgy


Innate Abilities, Weirdness & Mutations

You are tiny and cannot use many weapons and most armour.
You have supernaturally acute eyesight.
You are a herbivore.
You cover ground extremely quickly.
You need consume almost no food.


Message History

Purgy closely misses you. Purgy claws you.
* * * LOW HITPOINT WARNING * * *
Purgy closely misses you. The hobgoblin misses you.
You are too injured to fight recklessly!
You are too injured to fight recklessly!
You are too injured to fight recklessly!
You are too injured to fight recklessly!
You are too injured to fight recklessly!
You are too injured to fight recklessly!
You are too injured to fight recklessly!
You are too injured to fight recklessly!
You are too injured to fight recklessly!
You closely miss the hobgoblin. The hobgoblin closely misses you.
You hit the hobgoblin.
The hobgoblin is almost dead.
The hobgoblin closely misses you.
You hit the hobgoblin but do no damage.
The hobgoblin is almost dead.
The hobgoblin hits you.
You die...

. ##. #.# #.. #.#
# #.###.##.#
#....T...# #+#
#####g#### #.###
#@# #.##. #.#
##(##.
#.###########...#.
#.##............>.
#.##.##...........
#..|....###.##.##.
####)######.#####.
#........# #.
########## ##


You could see Purgy and a hobgoblin.

Vanquished Creatures
  2 adders (D:2)
  An orc (D:3)
  4 hobgoblins
  5 kobolds
  A giant newt (D:1)
  2 goblins
  7 jackals
  4 rats
26 creatures vanquished.

Notes
Turn   | Place    | Note
--------------------------------------------------------------
     0 | D:1      | Lathuz the Spriggan Enchanter began the quest for the Orb.
     0 | D:1      | Reached XP level 1. HP: 9/9 MP: 5/5
   402 | D:1      | Reached skill level 5 in Stealth
   431 | D:1      | Reached XP level 2. HP: 13/13 MP: 6/6
   572 | D:1      | Learned a level 2 spell: Ensorcelled Hibernation
   969 | D:2      | Found a basalt altar of Yredelemnul.
  1002 | D:2      | Found a sparkling altar of Nemelex Xobeh.
  1257 | D:2      | Reached XP level 3. HP: 16/16 MP: 8/8
  1424 | D:2      | Found a glowing golden altar of the Shining One.
  1609 | D:2      | Noticed an angel
  1677 | D:3      | Reached skill level 6 in Stealth
  1681 | D:3      | Noticed Purgy
  1698 | D:3      | Slain by a hobgoblin

Vault maps used:
D:1:      dpeg_arrival_tiny_j, minmay_crystal_water, corexii_hall_statues_x,
          minivault_4, minmay_fountain_box
D:2:      grunt_temple_overflow_holy_war, nemelex_xobeh_ov_fountains_minmay
D:3:      first_bread, uniq_purgy

Action                   || total
-------------------------++-------
Melee: Short sword       ||    69
       Dagger            ||     1
 Cast: Ensorcelled Hiber ||     3
  Use: Potion            ||     1
 Stab: Sleeping          ||    15
